 Dungeon Crawl Stone Soup version 0.29.0-4-gdea44cf6ec (webtiles) character file.

Game seed: 10792048657530766754

392 qw the Chopper (level 6, -8/38 HPs)
             Began as a Gargoyle Berserker on Sept 5, 2022.
             Was a Believer of Trog.
             Mangled by Ijyb
             ... wielding a +8 club
              (9 damage)
             ... on level 4 of the Dungeon.
             The game lasted 00:01:18 (3881 turns).

qw the Chopper (Gargoyle Berserker)                 Turns: 3881, Time: 00:01:19

Health: -8/38      AC:  5    Str: 22 (23) XL:     6   Next: 80%
Magic:  6/6        EV:  8    Int:  7      God:    Trog [**....]
Gold:   70         SH:  0    Dex: 15      Spells: 5/5 levels left

rFire   . . .      SeeInvis .   Y - +0 hand axe (vorpal)
rCold   . . .      Faith    .   (no shield)
rNeg    + + .      Spirit   .   p - +0 chain mail
rPois   inf        Reflect  .   (no helmet)
rElec   +          Harm     .   (no cloak)
rCorr   .          Rampage  .   (no gloves)
Will    .....                   (no boots)
Stlth   ..........              (no amulet)
HPRegen 0.12/turn               f - +6 ring of dexterity
MPRegen 0.10/turn               n - ring of positive energy

@: corroded, on berserk cooldown, slowed, very slow
A: sickness immunity, AC +4, negative energy resistance 1, electricity
resistance, torment resistance 1, petrification resistance
a: Renounce Religion, Berserk, Trog's Hand


You were on level 4 of the Dungeon.
You worshipped Trog.
Trog was pleased with you.
You visited 1 branch of the dungeon, and saw 4 of its levels.

You collected 139 gold pieces.
You spent 69 gold pieces at shops.


Innate Abilities, Weirdness & Mutations

You are immune to sickness and miasma.
Your stone body is resilient. (AC +4)
You are immune to poison.
You resist negative energy. (rN+)
You are resistant to electric shocks. (rElec)
You are resistant to unholy torment.
You are immune to petrification.


   Skills:
 - Level 4.0 Fighting
 + Level 6.5 Axes
 - Level 2.1 Armour
 - Level 1.5 Dodging


You had 5 spell levels left.
You didn't know any spells.
Your spell library was empty.

Inventory:

Hand Weapons
 m - a +2 flail of holy wrath
 Y - a +0 vorpal hand axe (weapon)
Armour
 p - a +0 chain mail (worn)
Jewellery
 f - a +6 ring of dexterity (left hand)
 n - a ring of positive energy (right hand)
 r - a ring of ice
Scrolls
 a - a scroll of fog {unknown}
 l - a scroll of identify
Potions
 b - a potion of curing
 c - a potion of heal wounds
 i - a potion of haste

Dungeon Overview and Level Annotations

Branches:
Dungeon (4/15)
 Temple: D:4-7

Altars:
Sif Muna

Shops:
D:2 *

Annotations:
D:4 Ijyb


Message History

The hound bites you but does no damage.
You barely miss the hound.
The hound is heavily wounded.
The hound bites you but does no damage.
You slash the hound!
You kill the hound!
Trog accepts your kill.
You start resting.
Ijyb is nearby!
You feel a strong urge to attack something.
Ijyb screams, "You nasty!
Big nasty!"
Ijyb zaps a wand.
The bolt of acid hits you. The acid corrodes you!
You miss Ijyb.
You are no longer berserk.
You are exhausted.
You feel yourself slow down. Ijyb hits you with a +8 club.
You hit Ijyb but do no damage. Ijyb hits you but does no damage.
You hit Ijyb.
Ijyb is lightly wounded.
Ijyb barely misses you.
Ijyb zaps a wand.
The bolt of acid misses you.
You hit Ijyb but do no damage.
Ijyb is lightly wounded.
Ijyb hits you with a +8 club.
You slash Ijyb!
Ijyb is heavily wounded.
Ijyb hits you with a +8 club. Ijyb hits you but does no damage.
You hit Ijyb but do no damage.
Ijyb is heavily wounded.
A giant cockroach comes into view.
Ijyb screams, "Get away!"
Ijyb hits you with a +8 club.
The giant cockroach moves out of view.
You slash Ijyb!
Ijyb is severely wounded.
Ijyb hits you with a +8 club!
You barely miss Ijyb.
Ijyb is severely wounded.
Ijyb zaps a wand.
The bolt of acid hits you! The acid corrodes you! Ijyb hits you with a +8 club!
You die...

#.##
#######.###########
...>..............#
###################.#
........# #.#
########..###########.#
......................#
########.##############
.......@....#
......$g###.# #########


You could see Ijyb.

Vanquished Creatures
  A necrophage (D:4)
  A scorpion (D:4)
  A hound (D:4)
  An orc priest (D:3)
  An orc wizard (D:4)
  4 gnolls (D:3)
  3 adders (D:3)
  A worm (D:2)
  10 dart slugs (D:3)
  11 orcs
  3 ball pythons (D:3)
  6 endoplasms
  2 giant cockroaches
  10 goblins
  4 hobgoblins
  11 jackals
  5 kobolds
  2 quokkas (D:3)
  4 bats
  2 frilled lizards
  3 rats
86 creatures vanquished.

Notes
Turn   | Place    | Note
-------+----------+-------------------------------------------
     0 | D:1      | qw the Gargoyle Berserker began the quest for the Orb.
     0 | D:1      | Reached XP level 1. HP: 14/14 MP: 1/1
     0 | D:1      | 0 ||| qw: Version: 0.1-a-104-g96f76f8
     0 | D:1      | 0 ||| qw: Game counter: 5886
     0 | D:1      | 0 ||| qw: Always use a shield: true
     0 | D:1      | 0 ||| qw: Do Orc after D:15 true
     0 | D:1      | 0 ||| qw: Do second Lair branch before Depths: true
     0 | D:1      | 0 ||| qw: Lair rune preference: random
     0 | D:1      | 0 ||| qw: Plans: Normal
     0 | D:1      | 0 ||| PLANNING D:1-11
    11 | D:1      | 11 ||| Stepping ~*~*~tactically~*~*~ (stealth).
    13 | D:1      | 13 ||| Stepping ~*~*~tactically~*~*~ (stealth).
   198 | D:1      | Reached skill level 3 in Axes
   217 | D:1      | Found a faded altar of an unknown god.
   343 | D:1      | 343 ||| Stepping ~*~*~tactically~*~*~ (stealth).
   348 | D:1      | 348 ||| INVOKING Berserk.
   354 | D:1      | Reached XP level 2. HP: 14/19 MP: 2/2
   571 | D:1      | 571 ||| Stepping ~*~*~tactically~*~*~ (stealth).
  1205 | D:1      | 1205 ||| UPGRADING to +0 ring mail.
  1215 | D:1      | 1215 ||| DROPPING +0 animal skin.
  1216 | D:1      | 1216 ||| UPGRADING to +6 ring of dexterity.
  1217 | D:1      | 1217 ||| DROPPING ring of magical power.
  1218 | D:1      | 1218 ||| READING scroll labelled CAELAS PEOM.
  1260 | D:1      | 1260 ||| READING 3 scrolls labelled JOPSON SAOSIL.
  1261 | D:1      | 1261 ||| READING scroll labelled GERADI CIUGH.
  1262 | D:1      | 1262 ||| READING scroll labelled DIEFFA UCUO.
  1263 | D:1      | 1263 ||| DROPPING 2 scrolls of amnesia.
  1322 | D:2      | 1322 ||| STAIRDANCE
  1333 | D:2      | 1333 ||| STAIRDANCE
  1520 | D:2      | Reached XP level 3. HP: 23/23 MP: 3/3
  1654 | D:2      | 1654 ||| INVOKING Berserk.
  1878 | D:2      | Found Feschykoi's Assorted Antiques.
  1885 | D:2      | 1885 ||| DROPPING +0 club.
  1899 | D:2      | 1899 ||| BUYING 2 fuming emerald potions (46 gold).
  1899 | D:2      | Bought 2 fuming emerald potions for 46 gold pieces
  1899 | D:2      | 1899 ||| SHOPLISTING chain mail (117 gold, have 24).
  1899 | D:2      | 1899 ||| SHOPLISTING faintly glowing golden ring (130 gold,
                  | have 24).
  1899 | D:2      | 1899 ||| BUYING glowing yellow potion (23 gold).
  1899 | D:2      | Bought a glowing yellow potion for 23 gold pieces
  1899 | D:2      | 1899 ||| SHOPLISTING helmet (117 gold, have 1).
  1899 | D:2      | 1899 ||| SHOPLISTING puce potion (23 gold, have 1).
  1899 | D:2      | 1899 ||| SHOPLISTING tubular moonstone ring (130 gold, have
                  | 1).
  2238 | D:2      | 2238 ||| DRINKING 2 fuming emerald potions.
  2239 | D:2      | 2239 ||| DRINKING 2 grey potions.
  2240 | D:2      | 2240 ||| DROPPING potion of attraction.
  2241 | D:2      | 2241 ||| DROPPING potion of brilliance.
  2268 | D:3      | Reached skill level 4 in Axes
  2271 | D:3      | 2271 ||| Stepping ~*~*~tactically~*~*~ (water).
  2276 | D:3      | Reached XP level 4. HP: 26/28 MP: 4/4
  2283 | D:3      | 2283 ||| Stepping ~*~*~tactically~*~*~ (stealth).
  2284 | D:3      | 2284 ||| Stepping ~*~*~tactically~*~*~ (stealth).
  2287 | D:3      | 2287 ||| Stepping ~*~*~tactically~*~*~ (hiding).
  2288 | D:3      | 2288 ||| Stepping ~*~*~tactically~*~*~ (hiding).
  2290 | D:3      | 2290 ||| Stepping ~*~*~tactically~*~*~ (water).
  2292 | D:3      | 2292 ||| INVOKING Berserk.
  2509 | D:3      | Reached ** piety under Trog
  2580 | D:3      | 2580 ||| INVOKING Berserk.
  2585 | D:3      | Reached skill level 5 in Axes
  2588 | D:3      | Reached XP level 5. HP: 32/32 MP: 5/5
  2616 | D:3      | 2616 ||| Stepping ~*~*~tactically~*~*~ (stealth).
  2637 | D:3      | 2637 ||| Stepping ~*~*~tactically~*~*~ (stealth).
  2637 | D:3      | Found a shimmering blue altar of Sif Muna.
  2778 | D:3      | 2778 ||| DROPPING +2 mace of protection.
  2866 | D:3      | 2866 ||| Stepping ~*~*~tactically~*~*~ (stealth).
  2876 | D:3      | 2876 ||| Stepping ~*~*~tactically~*~*~ (stealth).
  2884 | D:3      | 2884 ||| FLEEEEING.
  2885 | D:3      | 2885 ||| FLEEEEING.
  2886 | D:3      | 2886 ||| FLEEEEING.
  2887 | D:3      | 2887 ||| FLEEEEING.
  2888 | D:3      | 2888 ||| FLEEEEING.
  2889 | D:3      | 2889 ||| FLEEEEING.
  2890 | D:3      | 2890 ||| FLEEEEING.
  2891 | D:3      | 2891 ||| FLEEEEING.
  3035 | D:3      | 3035 ||| Stepping ~*~*~tactically~*~*~ (stealth).
  3272 | D:3      | 3272 ||| UPGRADING to +0 chain mail.
  3282 | D:3      | 3282 ||| DROPPING +0 ring mail.
  3283 | D:3      | 3283 ||| UPGRADING to ring of positive energy.
  3284 | D:3      | 3284 ||| READING scroll labelled ZAC SORAHOILOMNU.
  3287 | D:3      | 3287 ||| READING scroll labelled SOEZUA WIARY.
  3288 | D:3      | 3288 ||| READING scroll labelled EFOOXI HEARI.
  3289 | D:3      | 3289 ||| DRINKING 2 sedimented emerald potions.
  3290 | D:3      | 3290 ||| DRINKING 2 amethyst potions.
  3291 | D:3      | 3291 ||| DRINKING 2 puce potions.
  3292 | D:3      | 3292 ||| DRINKING 2 metallic sapphire potions.
  3337 | D:3      | 3337 ||| READING 5 scrolls of identify.
  3337 | D:3      | 3337 ||| IDENTIFYING glowing yellow potion
  3338 | D:3      | 3338 ||| READING 4 scrolls of identify.
  3338 | D:3      | 3338 ||| IDENTIFYING red potion
  3339 | D:3      | 3339 ||| READING 3 scrolls of identify.
  3339 | D:3      | 3339 ||| IDENTIFYING blue potion
  3340 | D:3      | 3340 ||| READING 2 scrolls of identify.
  3340 | D:3      | 3340 ||| IDENTIFYING dark potion
  3341 | D:3      | 3341 ||| DROPPING potion of degeneration.
  3342 | D:3      | 3342 ||| DROPPING potion of lignification.
  3343 | D:3      | 3343 ||| DROPPING potion of magic.
  3344 | D:3      | 3344 ||| DROPPING potion of berserk rage.
  3345 | D:3      | 3345 ||| DROPPING potion of flight.
  3365 | D:4      | 3365 ||| STAIRDANCE
  3564 | D:4      | Reached XP level 6. HP: 33/38 MP: 6/6
  3619 | D:4      | Reached skill level 6 in Axes
  3690 | D:4      | 3690 ||| Stepping ~*~*~tactically~*~*~ (hiding).
  3694 | D:4      | 3694 ||| INVOKING Berserk.
  3859 | D:4      | Noticed Ijyb
  3860 | D:4      | 3860 ||| Stepping ~*~*~tactically~*~*~ (hiding).
  3866 | D:4      | 3866 ||| INVOKING Berserk.
  3881 | D:4      | HP: 1/38 [Ijyb/bolt of acid (17)]
  3881 | D:4      | Mangled by Ijyb

Levels and vault maps discovered:
D:1:      evilmike_arrival_hilbert_curve, layout_basic,
          shapermc_ecumenical_altar_ellora
D:2:      layout_basic, serial_shops, shop
D:3:      kennysheep_slugbush, layout_basic, nicolae_sif_muna_condensation,
          kennysheep_generic_room_16
D:4:      layout_basic, nicolae_ru_sacrificial_ziggurat, minmay_vboxes,
          uniq_ijyb, uniq_eustachio

Skill      XL: |  1  2  3  4  5  6 |
---------------+-------------------+-----
Axes           | 3 4 5 6 |  6.5
Fighting       | 4 |  4.0
Armour         | |  2.1
Dodging        | |  1.5

Action                   |  1- 3 |  4- 6 || total
-------------------------+-------+-------++-------
Melee: Hand axe          |    80 |   155 ||   235
       Punch             |     1 |     3 ||     4
Invok: Berserk           |     2 |     4 ||     6
  Use: Scroll            |     4 |     7 ||    11
       Potion            |     2 |     4 ||     6
Armor: Animal skin       |    11 |       ||    11
       Ring mail         |    16 |    44 ||    60
       Chain mail        |       |    25 ||    25
Dodge: Dodged            |    48 |    73 ||   121

Table legend:
 A = Non-vault XP
 B = Vault XP
 C = Vault XP percentage of total XP
 D = Non-vault monster count
 E = Vault monster count
 F = Vault count percentage of total count
                 A         B        C        D         E       F
            +---------+---------+-------+---------+---------+-------
      Total |     505 |      55 |   9.8 |      74 |      12 |  14.0
            +---------+---------+-------+---------+---------+-------
        D:1 |      27 |       0 |   0.0 |      15 |       0 |   0.0
        D:2 |      24 |       0 |   0.0 |      12 |       0 |   0.0
        D:3 |     181 |      55 |  23.3 |      34 |      12 |  26.1
        D:4 |     273 |       0 |   0.0 |      13 |       0 |   0.0
            +---------+---------+-------+---------+---------+-------
